 Dungeon Crawl Stone Soup version 0.27-a0-650-g8dd3ea4f36 (webtiles) character file.

Game seed: 9205166640212728065

313 jasper the Archer (level 6, -1/49 HPs)
             Began as a Deep Elf Arcane Marksman on Mar 15, 2021.
             Slain by an ogre
             ... wielding a +0 giant club
              (12 damage)
             ... on level 4 of the Dungeon.
             The game lasted 00:08:51 (4396 turns).

jasper the Archer (Deep Elf Arcane Marksman)        Turns: 4396, Time: 00:08:51

Health: -1/49      AC: 23    Str:  7    XL:     6   Next: 19%
Magic:  3/10       EV:  2    Int: 20    God:
Gold:   124        SH:  0    Dex: 15    Spells: 1/8 levels left

rFire    . . .     SeeInvis .   (no weapon)
rCold    . . .     Faith    .   (no shield)
rNeg     + + +     Spirit   .   (armour currently unavailable)
rPois    +         Reflect  .   (helmet currently unavailable)
rElec    .         Harm     .   (cloak currently unavailable)
rCorr    .         Rampage  .   (gloves currently unavailable)
Will     .....     NoTele   +   (boots currently unavailable)
Stlth    +.........             (no amulet)
HPRegen  0.16/turn              o - ring of poison resistance
MPRegen  0.12/turn              (no ring)

@: mighty, tree-form
A: stationary, stasis, torment immunity, boosted hp
a: no special abilities


You were on level 4 of the Dungeon.
You were a tree.
You visited 1 branch of the dungeon, and saw 4 of its levels.

You collected 124 gold pieces.

Inventory:

Hand Weapons
 a - a +0 shortbow
 i - a +0 short sword
 j - a +1 dagger of holy wrath
Missiles
 b - 39 sling bullets
 c - 4 poisoned darts
 d - 4 arrows
 k - 34 stones (quivered)
Armour
 e - a +0 robe (melded)
 f - a +0 helmet (melded)
 l - a +0 ring mail
Jewellery
 o - a ring of poison resistance (right branch)
Scrolls
 h - 4 scrolls of identify
 m - a scroll of fear
 q - a scroll of enchant weapon {unknown}
Potions
 g - a potion of magic


   Skills:
 - Level 0.7 Fighting
 - Level 8.0 Bows
 + Level 3.2 Dodging
 - Level 1.5 Spellcasting
 + Level 4.7 Hexes


You had one spell level left.
You knew the following spells:

 Your Spells              Type           Power      Damage    Failure   Level
a - Corona                Hex            22%        N/A       2%          1
b - Slow                  Hex            20%        N/A       3%          2
c - Cause Fear            Hex            10%        N/A       24%         4

Your spell library contained the following spells:

 Spells                   Type           Power      Damage    Failure   Level
 Inner Flame              Hex/Fire       10%        N/A       19%         3
 Portal Projectile        Hex/Tloc       20%        N/A       19%         3
 Leda's Liquefaction      Hex/Erth       5%         N/A       54%         4


Dungeon Overview and Level Annotations

Branches:
Dungeon (4/15)
 Temple: D:4-7

Altars:
The Shining One


Message History

You shoot an arrow. The arrow hits the phantom!
You destroy the phantom!
The ogre hits you with a +0 giant club.
Your Dodging skill increases to level 3!
You have reached level 6!
Your experience leads to an increase in your attributes!
Increase (S)trength, (I)ntelligence, or (D)exterity?
You feel clever.
You regained 2 hp, and now have 22/49 hp.
Fire: 7 arrows
Press: ? - help, Q - select action, (/) - cycle Shift-Dir - straight line, f - ogre
Aim: an ogre, wielding a +0 giant club (77% to hit)
You shoot an arrow. The arrow hits the ogre.
The ogre is lightly wounded.
The ogre hits you with a +0 giant club!
You take 6 damage, and have 16/49 hp.
Fire: 6 arrows
Press: ? - help, Q - select action, (/) - cycle Shift-Dir - straight line, f/p - ogre
Aim: an ogre, wielding a +0 giant club (lightly wounded, 77% to hit)
You shoot an arrow. The arrow barely misses the ogre.
The ogre hits you with a +0 giant club.
* * * LOW HITPOINT WARNING * * *
You take 4 damage, and have 12/49 hp.
It was a potion of flight.
Your roots keep you in place.
The ogre hits you but does no damage.
It was a potion of might.
You feel very mighty all of a sudden. The ogre hits you but does no damage.
Fire: 5 arrows
Press: ? - help, Q - select action, (/) - cycle Shift-Dir - straight line, f/p - ogre
Aim: an ogre, wielding a +0 giant club (lightly wounded, 77% to hit)
You shoot an arrow. The arrow barely misses the ogre.
The ogre hits you with a +0 giant club.
* * * LOW HITPOINT WARNING * * *
You take 1 damage, and have 11/49 hp.
You are now empty-handed.
You hit the ogre.
The ogre is moderately wounded.
The ogre hits you with a +0 giant club!
You die...

.# . .. .
#..#####. ...#
#....(.. ..>.
#.#...#
#..#####..#(.#
#...#.##...O### .
#.........♣#)+
..####........(###
................#
(..(...<......(.#
#.......#####.†.#
#........# ##(##
#.......<## #.#
..........###.(#
.....#........##


You could see an ogre.

Vanquished Creatures
  A phantom (D:4)
  A scorpion (D:4)
  Jessica (D:2)
  8 adders
  4 worms
  3 dart slugs
  2 leopard geckos
  8 bats
  A giant cockroach (D:3)
  5 goblins
  12 hobgoblins
  4 jackals (D:1)
  A quokka (D:2)
  2 ball pythons
  3 frilled lizards
  9 kobolds
  7 rats
72 creatures vanquished.

Notes
Turn   | Place    | Note
-------+----------+-------------------------------------------
     0 | D:1      | jasper the Deep Elf Arcane Marksman began the quest for the
                  | Orb.
     0 | D:1      | Reached XP level 1. HP: 11/11 MP: 5/5
    30 | D:1      | Reached skill level 3 in Bows
    76 | D:1      | Reached XP level 2. HP: 10/16 MP: 6/6
   459 | D:1      | Reached skill level 4 in Bows
   549 | D:1      | Learned a level 2 spell: Slow
  1080 | D:1      | Reached XP level 3. HP: 20/20 MP: 4/7
  1151 | D:2      | Reached skill level 5 in Bows
  1169 | D:2      | Found a glowing golden altar of the Shining One.
  1966 | D:2      | Reached XP level 4. HP: 24/24 MP: 8/8
  2153 | D:2      | Reached skill level 6 in Bows
  2275 | D:2      | Noticed Jessica
  2287 | D:2      | Killed Jessica
  3094 | D:3      | Reached XP level 5. HP: 26/28 MP: 9/9
  3129 | D:3      | Reached skill level 7 in Bows
  3506 | D:3      | Learned a level 4 spell: Cause Fear
  4349 | D:4      | Reached skill level 8 in Bows
  4360 | D:4      | Noticed a phantom
  4372 | D:4      | Noticed an ogre
  4389 | D:4      | Killed a phantom
  4390 | D:4      | Reached XP level 6. HP: 22/33 MP: 2/10
  4396 | D:4      | Slain by an ogre

Illustrated notes

Levels and vault maps discovered:
D:1:      lightli_molten_gateway, layout_rooms, minmay_tripent
D:2:      layout_basic, general_overflow_altar, uniq_jessica
D:3:      layout_loops_ring
D:4:      minmay_clustersquares, layout_cave_pools, portal_sewer_entry_c

Skill      XL: |  1  2  3  4  5 |
---------------+----------------+-----
Bows           | 3 4 5 6 8 |  8.0
Dodging        | 3 |  3.2
Fighting       | |  0.7
Spellcasting   | |  1.5
Hexes          | |  4.7

Action                   |  1- 3 |  4- 6 || total
-------------------------+-------+-------++-------
Melee: Unarmed           |     4 |     1 ||     5
 Fire: Shortbow          |    57 |    31 ||    88
Throw: Dart              |    61 |   144 ||   205
       Stone             |       |     1 ||     1
 Cast: Slow              |     4 |    14 ||    18
  Use: Potion            |     1 |     4 ||     5
       Scroll            |       |     2 ||     2
Armor: Robe              |    12 |    27 ||    39
       Skin              |     1 |    15 ||    16
Dodge: Dodged            |    33 |    67 ||   100

Table legend: (Time is in decaauts)
 A = Elapsed time spent in this place.
 B = Non-inter-level travel time spent in this place.
 C = Inter-level travel time spent in this place.
 D = Time resting spent in this place.
 E = Time spent auto-exploring this place.
 F = Levels seen in this place.
 G = Mean time per level.
                   A        B        C        D        E       F      G
               +--------+--------+--------+--------+--------+-----+--------+
         Total |   4404 |   4331 |     73 |    551 |   2877 |   4 | 1101.0 |
       Dungeon |   4404 |   4331 |     73 |    551 |   2877 |   4 | 1101.0 |
               +--------+--------+--------+--------+--------+-----+--------+

Top non-repeatable levels by time:
     D:3: 1699 daAuts
     D:2: 1673 daAuts
     D:1: 966 daAuts
     D:4: 65 daAuts
